Map: Terraform LE (Void)

Players

Seigifried

  • Race: Protoss Protoss
  • League: Platinum

FireZerg - Winner!

  • Race: Zerg Zerg
  • League: Master

Event: Lycan League Weekly August #1

VOD

Have the link to the VOD?

Description

Time

  • Played on: Aug. 3, 2015, 12:15 p.m.
  • Length: 5:33

All games in this series

Show
View Real Time Build Order
Export as new Build Order

Seigifried Protoss 

Build Orders:  

Get SALT Encoding   

  12  0:01  Probe  
  13  0:21  Pylon  
  13  0:25  Probe  
  14  0:44  Forge  
  14  0:46  Probe (Chrono Boost)  
  15  0:58  Probe (Chrono Boost)  
  16  1:06  Probe (Chrono Boost)  
  17  1:12  Pylon  
  17  1:13  Pylon  
  17  1:14  Pylon  
  17  1:30  Photon Cannon  
  17  1:56  Nexus  
  17  2:04  Photon Cannon  
  17  2:07  Probe  
  18  2:27  Gateway  
  18  2:33  Assimilator  
  18  2:34  Probe (Chrono Boost)  
  19  2:37  Assimilator  
  20  2:44  Probe (Chrono Boost)  
  20  2:51  Probe  
  21  3:02  Pylon  
  21  3:03  Probe  
  22  3:10  Probe  
  23  3:15  Cybernetics Core, Probe (Chrono Boost)  
  23  3:19  Zealot  
  26  3:25  Probe (Chrono Boost)  
  27  3:28  Probe (Chrono Boost)  
  28  3:36  Photon Cannon  
  28  3:44  Pylon  
  28  3:53  Mothership Core (Chrono Boost)  
  30  3:57  Photon Cannon  
  30  4:00  Sentry (Chrono Boost)  
  32  4:05  Probe (Chrono Boost)  
  33  4:13  Photon Cannon  
  33  4:27  Probe x2, Photon Cannon  
  33  4:31  Pylon  
  18  5:10  Stargate  
Show
View Real Time Build Order
Export as new Build Order

FireZerg Zerg - Winner!

Build Orders: Hatch First, Roach Nydus 

Get SALT Encoding   

  12  0:01  Drone  
  13  0:13  Overlord  
  13  0:20  Drone  
  14  0:31  Drone x2  
  16  0:36  Drone  
  17  0:52  Hatchery  
  17  0:55  Drone  
  17  0:58  Drone  
  18  1:09  Extractor  
  17  1:14  Spawning Pool  
  17  1:16  Drone  
  17  1:20  Drone  
  19  1:37  Overlord  
  20  1:42  Extractor  
  20  1:46  Extractor  
  18  1:55  Drone  
  18  1:56  Drone  
  20  2:04  Roach Warren, Queen  
  21  2:22  Drone x2  
  23  2:37  Overlord  
  25  2:46  Roach x2  
  25  2:48  Hatchery  
  28  2:56  Lair, Roach  
  28  3:06  Roach  
  30  3:13  Roach x2  
  30  3:17  Roach x2  
  38  3:27  Overlord  
  38  3:47  Drone  
  38  3:48  Drone  
  40  3:50  Drone  
  40  3:55  Nydus Network  
  40  3:57  Roach  
  40  3:59  Roach  
  44  4:04  Roach  
  44  4:07  Roach  
  48  4:14  Overlord  
  48  4:18  Drone  
  48  4:23  Drone  
  50  4:31  Nydus Canal  
  50  4:36  Roach  
  50  4:37  Roach  
  54  4:39  Drone  
  54  4:43  Roach  
  57  4:54  Roach  
  59  5:05  Ravager  

Tags
 
Add a new tag
Caveats
  • Supply blocks, unpowered buildings, or Contaminate may cause inaccurate times.
  • Supply counts are checked every 10 seconds.